Map: The Vermillion Problem

Players

raincamp

  • Race: Zerg Zerg
  • Spawn Location: 11:00

raincamp

  • Race: Terran Terran
  • Spawn Location: 11:00

VOD

Have the link to the VOD?

Description

Time

  • Played on: Nov. 20, 2017, 10:56 a.m.
  • Length: 22:12
Show
View Real Time Build Order
Export as new Build Order

raincamp Zerg 

Build Orders:  

Get SALT Encoding   

  12  0:04  Drone  
  13  0:11  Drone  
  14  0:25  Overlord  
  14  0:51  Drone x3  
  17  1:00  Roach Warren  
  17  1:09  Drone  
  17  1:13  Extractor  
  17  1:14  Extractor  
  15  1:28  Roach  
  17  1:30  Drone  
  17  1:32  Drone  
  19  1:42  Drone  
  20  2:05  Drone x2  
  20  2:08  Overlord  
  22  2:55  Lair  
  22  2:56  Drone x4  
  22  2:57  Drone  
  27  3:03  Roach  
  27  3:25  Brutalisk  
  27  3:30  Overlord  
  27  3:31  Drone  
  27  3:32  Drone x2  
  30  4:01  Roach  
  30  4:05  Roach  
  30  4:08  Drone x4  
  38  5:20  Hatchery  
  38  5:27  Roach  
  37  5:49  Brutalisk  
  37  5:56  Extractor  
  37  5:59  Extractor  
  35  6:12  Evolution Chamber  
  35  6:13  Infestation Pit, Drone x4  
  35  6:14  Drone x5  
  35  6:15  Spire  
  41  6:39  Drone x3  
  44  6:42  Overlord  
  44  6:43  Overlord x3  
  44  6:58  Overlord  
  44  7:24  Roach  
  44  7:29  Virulent Microbes  
  44  7:33  Bio-Mechanical Transfusion  
  44  7:46  Brutalisk  
  44  7:48  Glial Reconstitution  
  44  7:50  Hive  
  44  7:56  Drone x3  
  44  7:57  Drone x5  
  52  8:09  Zerg Missile Weapons Level 1  
  52  8:23  Drone x2  
  52  8:24  Drone x4  
  58  8:46  Drone x3  
  61  9:14  Queen  
  61  9:15  Viper x2, Queen  
  67  9:31  Mutalisk x3  
  67  9:32  Overlord  
  67  9:33  Overlord x2  
  67  9:34  Greater Spire  
  77  9:44  Queen  
  77  9:54  Spore Crawler x2  
  77  9:56  Spore Crawler  
  77  9:57  Spore Crawler  
  61  10:00  Zerg Missile Weapons Level 2  
  75  10:30  Overseer x2  
  75  10:53  Mutalisk x3  
  75  10:54  Mutalisk  
  75  10:59  Roach  
  85  11:00  Overlord x4  
  85  11:01  Roach x2  
  85  11:02  Roach  
  85  11:08  Queen x2  
  95  11:48  Mutalisk  
  95  11:49  Mutalisk x3  
  95  12:02  Mutalisk  
  95  12:03  Mutalisk  
  95  12:08  Mutalisk  
  95  12:13  Guardian  
  95  12:14  Guardian x3  
  95  12:30  Leviathan  
  95  12:31  Leviathan  
  95  12:36  Leviathan  
  93  13:01  Zerg Missile Weapons Level 3  
  93  13:03  Zerg Flyer Weapons Level 1  
  93  13:06  Roach x2  
  93  13:07  Roach x15  
  127  13:10  Overlord  
  111  13:55  Overlord  
  111  13:56  Overlord x2  
  111  13:57  Roach x2  
  111  13:58  Mutalisk  
  117  14:02  Mutalisk  
  117  14:03  Mutalisk x3  
  125  14:35  Mutalisk x3  
  125  14:36  Mutalisk x2  
  125  15:00  Guardian x3  
  125  15:01  Guardian x2  
  125  15:41  Mutalisk  
  125  15:42  Mutalisk x2  
  125  15:43  Roach  
  125  15:44  Roach x14  
  161  16:08  Zerg Flyer Weapons Level 2  
  161  16:11  Overlord x2  
  161  16:12  Overlord x3  
  161  16:13  Roach  
  163  16:49  Mutalisk x2  
  167  16:55  Mutalisk x3  
  167  17:20  Guardian x3  
  167  17:31  Roach  
  167  17:32  Roach x14  
  167  17:33  Mutalisk x2  
  197  17:58  Guardian x2  
  197  18:00  Mutalisk  
  187  18:55  Mutalisk  
  187  18:56  Mutalisk x3  
  186  20:21  Mutalisk x4  
  180  20:46  Guardian x4  
Show
View Real Time Build Order
Export as new Build Order

raincamp Terran 

Build Orders:  

Get SALT Encoding   

  12  0:32  Supply Depot  
Tags
 
Add a new tag
Caveats
  • Supply blocks, unpowered buildings, or Contaminate may cause inaccurate times.
  • Supply counts are checked every 10 seconds.